 Dungeon Crawl Stone Soup version 0.19.4 (webtiles) character file.

4617 Naow the Thaumaturge (level 10, -18/50 HPs)
             Began as a Deep Elf Conjurer on Feb 1, 2017.
             Demolished by an orc warrior
             ... wielding a +0 halberd
              (22 damage)
             ... in a bailey.
             The game lasted 00:15:35 (11790 turns).

Naow the Thaumaturge (Deep Elf Conjurer)           Turns: 11790, Time: 00:15:35

Health: -18/50     AC:  2    Str:  5    XL:     10   Next: 19%
Magic:  11/27      EV: 13    Int: 24    God:
Gold:   428        SH:  0    Dex: 15    Spells: 5 memorised, 15 levels left

rFire  + + .     SeeInvis .     (no weapon)
rCold  x . .     Gourm    .     a - +0 robe
rNeg   . . .     Faith    .     (no shield)
rPois  .         Spirit   .     (no helmet)
rElec  .         Reflect  .     i - -1 cloak (curse)
rCorr  .         Harm     .     (no gloves)
MR     +....                    (no boots)
Stlth  ++........               (no amulet)
                                D - ring of fire
                                j - ring of protection from fire

@: no status effects
A: no striking features
a: no special abilities


You were in a bailey.
You were not hungry.

You visited 1 branch of the dungeon, and saw 9 of its levels.
You also visited: Bailey.

You collected 428 gold pieces.

Inventory:

Armour
 a - a +0 robe (worn)
 i - a cursed -1 cloak (worn)
Jewellery
 j - a ring of protection from fire (left hand)
 v - an uncursed ring of flight
 D - a ring of fire (right hand)
Scrolls
 e - 9 scrolls of identify {unknown}
 g - a scroll of magic mapping {unknown}
 h - a scroll of fear {unknown}
 n - 2 scrolls of amnesia {unknown}
 o - 4 scrolls of teleportation {unknown}
 q - a scroll of fog {unknown}
 t - a scroll of recharging {unknown}
 w - a scroll of blinking {unknown}
 x - a scroll of immolation {unknown}
 y - a scroll of noise {unknown}
 F - a scroll of enchant weapon {unknown}
Potions
 f - 3 potions of agility {unknown}
 k - 6 potions of magic {unknown}
 p - 2 potions of might {unknown}
 r - 3 potions of lignification {unknown}
 s - 2 potions of curing {unknown}
 u - a potion of degeneration {unknown}
 A - a potion of berserk rage {unknown}
 B - a potion of mutation {unknown}
 C - a potion of cancellation {unknown}
 E - a potion of invisibility {unknown}
Books
 b - a book of Conjurations

   Spells                             Type                      Level
   a - Magic Dart                     Conjuration                  1
   b - Searing Ray                    Conjuration                  2
   c - Dazzling Spray                 Conjuration/Hexes            3
   d - Fulminant Prism                Conjuration/Hexes            4
   e - Iskenderun's Mystic Blast      Conjuration                  4
   f - Iskenderun's Battlesphere      Conjuration/Charms           5
Comestibles
 c - 9 bread rations
 l - 5 fruits
 m - 4 beef jerkies
 z - 8 slices of pizza


   Skills:
 - Level 2.4 Dodging
 - Level 2.4 Stealth
 + Level 11.3 Spellcasting
 + Level 10.9 Conjurations
 + Level 11.3 Charms


You had 15 spell levels left.
You knew the following spells:

 Your Spells              Type           Power        Failure   Level  Hunger
a - Magic Dart            Conj           ####         1%          1    None
b - Searing Ray           Conj           ######       1%          2    None
c - Iskenderun's Battles  Conj/Chrm      ######..     1%          5    ####...
d - Iskenderun's Mystic   Conj           ######..     1%          4    None
e - Fulminant Prism       Conj/Hex       #####.....   6%          4    None


Dungeon Overview and Level Annotations

Branches:
Dungeon (9/15)
 Temple: D:4-7         Lair: D:8-11         Orc: D:9-12

Altars:
Fedhas
Nemelex Xobeh
Okawaru

Shops:
D:4 ?


Message History

Press: ? - help, Shift-Dir - straight line, f/p - orc warrior
Aim: an orc warrior, wielding a halberd and wearing a plate armour (heavily wounded, unusually strong)
The orb of energy misses the orc warrior.
The orc warrior barely misses you.
Casting: Iskenderun's Mystic Blast
Confirm with . or Enter, or press ? or * to list all spells.
Aiming: Iskenderun's Mystic Blast
Press: ? - help, Shift-Dir - straight line, f/p - orc warrior
Aim: an orc warrior, wielding a halberd and wearing a plate armour (heavily wounded, unusually strong)
The orb of energy misses the orc warrior.
The orc warrior barely misses you.
Casting: Iskenderun's Mystic Blast
Confirm with . or Enter, or press ? or * to list all spells.
Aiming: Iskenderun's Mystic Blast
Press: ? - help, Shift-Dir - straight line, f/p - orc warrior
Aim: an orc warrior, wielding a halberd and wearing a plate armour (heavily wounded, unusually strong)
The orb of energy misses the orc warrior.
The orb of energy explodes!
The orc warrior hits you with a halberd!!
You die...

#.≈.#########'###+##########
#.≈.## ##.§...... #.≈..##
##..≈≈§≈≈≈§ #.≈≈..##
##..≈§§...§≈ # #∩.≈≈..#
#..≈≈o.⌠⌠⌠§. #
##.≈≈..#+#..≈≈o..⌠..§ #
#.≈≈).##.##..≈≈o....§ #
#.≈..##...##..§≈≈≈≈§§
#.≈.##....o@#........ #.$$$
#.≈.#############+## #####
#.≈...)......## ###
#.≈≈≈≈≈≈≈≈≈≈..## #######≈≈
#..........≈≈..## ##...##...
##########..≈≈..###..≈..##.#
##..≈≈.....≈≈...##.
##..≈≈≈≈≈≈≈..#####
##.........##


You could see an orc knight and 3 orc warriors.

Vanquished Creatures
  Psyche (D:9)
  The ghost of Naow the Conjurer, an amateur DECj (D:5)
  Eustachio (D:6)
  A wyvern (D:9)
  A human (D:7)
  4 hogs (D:7)
  A water moccasin (D:9)
  3 orc warriors
  2 sky beasts
  4 centaurs
  2 ogres
  2 necrophages
  A big kobold (D:9)
  3 bullfrogs
  3 jellies
  5 wights (D:6)
  3 howler monkeys
  2 centaur zombies (D:5)
  A bullfrog zombie (D:8)
  2 crimson imps
  A quasit (D:8)
  A bullfrog skeleton (D:8)
  A centaur skeleton (D:9)
  6 orc priests
  4 hounds
  7 orc wizards
  A gnoll shaman (D:6)
  3 iguanas
  3 worker ants
  A hound skeleton (D:5)
  9 adders
  4 gnolls (D:2)
  A shadow imp (D:8)
  An ooze (D:1)
  2 adder skeletons
  An adder zombie (D:7)
  5 worms
  A dart slug (D:1)
  4 leopard geckos
  43 orcs
  14 bats
  2 giant cockroaches
  8 goblins
  9 hobgoblins
  18 jackals
  12 kobolds
  4 quokkas
  2 ball pythons
  3 frilled lizards
  2 leopard gecko skeletons (D:6)
  A quokka zombie (D:6)
  6 rats
223 creatures vanquished.

Vanquished Creatures (others)
  A fungus (D:6)
1 creature vanquished.

Grand Total: 224 creatures vanquished

Notes
Turn   | Place    | Note
-------+----------+-------------------------------------------
     0 | D:1      | Naow the Deep Elf Conjurer began the quest for the Orb.
     0 | D:1      | Reached XP level 1. HP: 10/10 MP: 6/6
   252 | D:1      | Reached XP level 2. HP: 15/15 MP: 6/8
   256 | D:1      | Learned a level 2 spell: Searing Ray
   744 | D:1      | Reached skill level 5 in Conjurations
   848 | D:1      | Reached XP level 3. HP: 19/19 MP: 8/10
  1700 | D:2      | Reached XP level 4. HP: 24/24 MP: 8/12
  2444 | D:2      | Reached XP level 5. HP: 28/28 MP: 10/14
  2451 | D:2      | Learned a level 5 spell: Iskenderun's Battlesphere
  2456 | D:2      | Learned a level 4 spell: Iskenderun's Mystic Blast
  2636 | D:2      | Found an iron altar of Okawaru.
  3174 | D:3      | Reached skill level 1 in Charms
  3202 | D:3      | Reached skill level 5 in Spellcasting
  3619 | D:4      | Found Yrhyviti's Magic Scroll Shoppe.
  4268 | D:5      | Entered Level 5 of the Dungeon
  4357 | D:5      | Reached XP level 6. HP: 32/32 MP: 8/15
  4753 | D:5      | Noticed an orc warrior
  5105 | D:5      | Noticed Naow's ghost (amateur DECj)
  5110 | D:5      | Killed Naow's ghost
  5110 | D:5      | Reached XP level 7. HP: 27/36 MP: 6/18
  5307 | D:5      | Reached skill level 5 in Charms
  5926 | D:5      | Reached XP level 8. HP: 33/41 MP: 12/21
  6541 | D:6      | Learned a level 4 spell: Fulminant Prism
  7613 | D:6      | Reached XP level 9. HP: 5/45 MP: 0/24
  7951 | D:6      | Found a blossoming altar of Fedhas.
  8339 | D:6      | Noticed Eustachio
  8347 | D:6      | Killed Eustachio
  9026 | D:7      | Reached skill level 10 in Spellcasting
  9026 | D:7      | Reached skill level 10 in Conjurations
  9028 | D:7      | Reached skill level 10 in Charms
  9606 | D:8      | Found a blossoming altar of Fedhas.
 10445 | D:9      | Noticed Psyche
 10774 | D:9      | Reached XP level 10. HP: 48/50 MP: 17/27
 10789 | D:9      | Killed Psyche
 10915 | D:9      | Found a sparkling altar of Nemelex Xobeh.
 11178 | D:9      | Found a flagged portal.
 11189 | Bailey   | Entered a bailey
 11777 | Bailey   | Noticed an orc knight
 11790 | Bailey   | Demolished by an orc warrior

Skill      XL: |  1  2  3  4  5  6  7  8  9 |
---------------+----------------------------+-----
Conjurations   | 5 6 7 8 9 10 | 10.9
Spellcasting   | 4 5 6 7 9 11 | 11.3
Charms         | 2 4 6 8 11 | 11.3
Dodging        | |  2.4
Stealth        | |  2.4

Action                   |  1- 3 |  4- 6 |  7- 9 | 10-12 || total
-------------------------+-------+-------+-------+-------++-------
 Cast: Magic Dart        |    78 |   118 |   242 |    39 ||   477
       Searing Ray       |     1 |    10 |    20 |     4 ||    35
       Iskenderun's Myst |       |     1 |    22 |     4 ||    27
       Iskenderun's Batt |       |     1 |    10 |     5 ||    16
  Eat: Chunk             |     2 |    10 |    17 |     3 ||    32
       Fruit             |       |       |     3 |       ||     3
       Royal jelly       |       |       |       |     1 ||     1
Armor: Robe              |       |     1 |     9 |     2 ||    12
Dodge: Dodged            |     1 |    27 |    34 |    32 ||    94
